[Event "42nd Olympiad Baku 2016 Open"]
[Site "Baku"]
[Date "2016.09.02"]
[Round "1.32"]
[White "Vedmediuc, Serghei"]
[Black "Kalugampitiya, R S."]
[Result "1-0"]
[ECO "B90"]
[WhiteElo "2437"]
[BlackElo "2107"]
[PlyCount "61"]
[EventDate "2016.??.??"]
[EventCountry "AZE"]
[WhiteTeam "Moldowa"]
[BlackTeam "Sri Lanka"]
[WhiteTeamCountry "MDA"]
[BlackTeamCountry "SRI"]
[TimeControl "40/5400+30:1800+30"]
[WhiteClock "0:01:52"]
[BlackClock "0:00:33"]

1. e4 {(00:00} c5 {(00:16} 2. Nf3 {(00:00} d6 {(
00:05} 3. d4 {(00:00} cxd4 {(00:05} 4. Nxd4 {(00:00}
Nf6 {(00:04} 5. Nc3 {(00:00} a6 {(00:04} 6. f3 {
(00:10} e5 {(03:44} 7. Nb3 {(00:07} Be6 {(01:42]
} 8. Be3 {(00:23} Nbd7 {(01:59} 9. Qd2 {(03:23} Qc7 {
(04:22} 10. g4 {(27:19} h6 {(02:32} 11. O-O-O {(
17:30} Rc8 {(04:35} 12. Kb1 {(11:12} b5 {(11:47} 13.
h4 {(04:26} Be7 {(18:18} 14. Bd3 {(16:59} b4 {(
28:48} 15. Ne2 {(00:07} d5 {(06:29} 16. g5 {(00:30} d4
{(08:33} 17. gxf6 {(01:46} dxe3 {(00:05} 18. fxg7 {
(00:08} Rg8 {(00:08} 19. Qxe3 {(00:59} a5 {(04:
17} 20. Qxh6 {(01:44} a4 {(00:43} 21. Nbc1 {(02:03}
Qb6 {(00:51} 22. b3 {(02:30} Bf6 {(00:52} 23. Rhg1 {
(02:41} Ke7 {(00:24} 24. h5 {(05:32} Nc5 {(00:
35} 25. Qe3 {(01:34} Bxg7 {(00:30} 26. h6 {(00:30} Bf6
{(00:00} 27. Bc4 {(00:38} Bxc4 {(01:03} 28. Rxg8 {
(00:40} Rxg8 {(00:31} 29. bxc4 {(00:05} Bg5 {(
00:28} 30. h7 {(00:24} b3 {(00:37} 31. hxg8=N+ {(00:18]
} 1-0

[Event "42nd Olympiad Baku 2016 Open"]
[Site "Baku"]
[Date "2016.09.02"]
[Round "1.30"]
[White "Vidit, Santosh Gujrathi"]
[Black "Aguilar, Luis Miguel"]
[Result "1-0"]
[ECO "B37"]
[WhiteElo "2669"]
[BlackElo "2301"]
[PlyCount "53"]
[EventDate "2016.??.??"]
[EventCountry "AZE"]
[WhiteTeam "Indien"]
[BlackTeam "Bolivien"]
[WhiteTeamCountry "IND"]
[BlackTeamCountry "BOL"]
[TimeControl "40/5400+30:1800+30"]
[WhiteClock "0:16:25"]
[BlackClock "0:00:36"]

1. Nf3 {(00:00} g6 {(00:00} 2. c4 {(00:43} Bg7 {
(00:00} 3. d4 {(06:04} c5 {(01:20} 4. e4 {(00:
47} cxd4 {(02:10} 5. Nxd4 {(00:38} Nc6 {(05:16} 6. Nc2
{(01:07} Qc7 {(08:15} 7. Be2 {(04:07} b6 {(00:
36} 8. O-O {(00:30} Bb7 {(03:14} 9. Re1 {(08:29} Ne5 {
(18:58} 10. Ne3 {(03:38} Nf6 {(19:23} 11. Nc3 {(
18:15} d6 {(13:19} 12. Ned5 {(00:25} Nxd5 {(06:59} 13.
exd5 {(00:49} O-O {(02:40} 14. Nb5 {(00:45} Qc8 {
(06:15} 15. Bg5 {(00:55} Re8 {(05:51} 16. Rc1 {(
20:53} Ba6 {(00:20} 17. Nd4 h6 18. Be3 {(01:57} Qc7 {(
03:07} 19. b4 {(02:43} Bb7 {(01:06} 20. Qd2 {(03:57}
Kh7 {(00:34} 21. Rc3 {(02:46} Nd7 {(00:35} 22. Bxh6 {
(04:13} Bf6 {(00:23} 23. Bg5 {(01:42} Kg7 {(00:
38} 24. Rg3 {(00:42} Ne5 {(00:30} 25. Nf5+ {(00:21}
Kg8 {(00:25} 26. Bxf6 {(00:09} exf6 27. Qh6 1-0

[Event "42nd Olympiad Baku 2016 Open"]
[Site "Baku"]
[Date "2016.09.02"]
[Round "1.29"]
[White "Villegas, Pierre"]
[Black "Mdoe, Yusuf"]
[Result "1-0"]
[ECO "D06"]
[WhiteElo "2329"]
[BlackElo "1758"]
[PlyCount "55"]
[EventDate "2016.??.??"]
[EventCountry "AZE"]
[WhiteTeam "Monaco"]
[BlackTeam "Tansania"]
[WhiteTeamCountry "MNC"]
[BlackTeamCountry "TAN"]
[TimeControl "40/5400+30:1800+30"]
[WhiteClock "0:22:51"]
[BlackClock "0:04:40"]

1. d4 {(00:00} d5 {(00:00} 2. c4 {(00:00} Nf6 {(
00:00} 3. cxd5 {(00:00} Nxd5 {(00:39} 4. Nf3 {(00:07}
Bf5 {(01:38} 5. Qb3 {(01:27} Nb6 {(00:57} 6. Nc3 {
(01:43} e6 {(00:46} 7. e4 {(00:52} Bg6 {(00:13}
8. Be3 {(03:05} N8d7 {(03:50} 9. Ne5 {(07:54} Be7 {
(06:42} 10. Be2 {(04:09} c6 {(03:13} 11. O-O {(
05:45} Nxe5 {(03:23} 12. dxe5 {(00:04} Qc7 {(00:25}
13. f4 {(00:27} h6 {(08:16} 14. f5 {(10:35} exf5 {
(03:14} 15. exf5 {(00:16} Bh7 {(00:44} 16. Rae1 {
(12:31} Bg5 {(15:28} 17. Bxg5 {(14:49} hxg5 {(
00:20} 18. Ne4 {(04:28} Qxe5 {(08:47} 19. Nxg5 {(00:37]
} O-O-O {(01:29} 20. Qh3 {(06:41} Bg6 {(14:31} 21. Qg3
{(00:21} Qd4+ {(02:54} 22. Kh1 {(02:52} Bh5 {(
00:22} 23. Bxh5 {(00:44} Rxh5 {(00:46} 24. Nxf7 {(00:
11} Rd5 {(08:50} 25. Re8+ {(00:46} Kd7 {(01:53} 26.
Rd8+ {(00:19} Ke7 {(01:25} 27. Re1+ {(00:15} Kxf7 {
(08:05} 28. Qg6# {(00:11} 1-0

[Event "42nd Olympiad Baku 2016 Open"]
[Site "Baku"]
[Date "2016.09.02"]
[Round "1.8"]
[White "Volpinari, Danilo"]
[Black "Murshed, Niaz"]
[Result "0-1"]
[ECO "B06"]
[WhiteElo "1976"]
[BlackElo "2439"]
[PlyCount "73"]
[EventDate "2016.??.??"]
[EventCountry "AZE"]
[WhiteTeam "San Marino"]
[BlackTeam "Bangladesch"]
[WhiteTeamCountry "SMR"]
[BlackTeamCountry "BAN"]
[TimeControl "40/5400+30:1800+30"]
[BlackClock "0:04:06"]

1. e4 {(00:00} g6 {(00:00} 2. d4 {(00:00} Bg7 {(
00:00} 3. Nc3 {(00:53} d6 {(00:54} 4. Be3 {(01:28} c6
{(01:23} 5. Qd2 {(05:59} b5 {(00:15} 6. Bd3 {(
01:39} Nd7 {(01:12} 7. Nf3 {(01:53} Bb7 {(02:36} 8.
O-O {(01:55} a6 {(01:42} 9. a4 {(06:03} Qc7 {(
01:26} 10. Rfe1 {(02:36} b4 {(06:30} 11. Ne2 {(09:58}
c5 {(01:57} 12. Ng3 {(12:48} h5 {(04:46} 13. h4 {
(04:57} Nh6 {(01:40} 14. c3 {(01:50} bxc3 {(04:
06} 15. bxc3 {(00:24} Ng4 {(01:18} 16. Ng5 {(07:21}
O-O {(03:13} 17. Ne2 {(08:35} Rab8 {(11:40} 18. Nf4 {
(04:54} e5 {(05:31} 19. Ne2 {(05:15} exd4 {(07:
45} 20. cxd4 {(00:08} Nxe3 {(00:41} 21. Qxe3 {(04:52}
cxd4 {(11:16} 22. Nxd4 {(01:16} Qc3 {(03:43} 23. Ngf3 {
(03:26} Nc5 {(01:11} 24. Bc2 {(01:17} Qxe3 {(04:
11} 25. Rxe3 {(00:04} Ba8 {(01:07} 26. Ra2 {(01:37}
Rb4 {(00:46} 27. Ne2 {(04:09} Nxe4 {(01:53} 28. Bxe4 {
(06:19} Bxe4 {(02:14} 29. Nd2 {(01:01} Bc6 {(03:
23} 30. Rd3 {(01:26} Bxa4 {(03:35} 31. Rxd6 {(00:50}
Bb5 {(01:35} 32. Ng3 {(00:34} Rc8 {(03:34} 33. Nf3 {
(00:22} Re8 {(03:57} 34. Rb6 {(00:28} Rb2 {(02:
10} 35. Ra3 {(00:38} Bc4 {(00:39} 36. Rxb2 {(00:31}
Bxb2 {(00:05} 37. Ra4 {(01:04} 0-1

[Event "42nd Olympiad Baku 2016 Open"]
[Site "Baku"]
[Date "2016.09.02"]
[Round "1.3"]
[White "Wahid, Hussain"]
[Black "Meskovs, Nikita"]
[Result "0-1"]
[ECO "A56"]
[WhiteElo "2018"]
[BlackElo "2476"]
[PlyCount "104"]
[EventDate "2016.??.??"]
[EventCountry "AZE"]
[WhiteTeam "Pakistan"]
[BlackTeam "Lettland"]
[WhiteTeamCountry "PAK"]
[BlackTeamCountry "LAT"]
[TimeControl "40/5400+30:1800+30"]
[WhiteClock "0:31:57"]
[BlackClock "0:23:35"]

1. d4 {(00:00} Nf6 {(00:00} 2. c4 {(00:06} c5 {(
00:00} 3. e3 {(01:24} cxd4 {(00:37} 4. exd4 {(00:14}
g6 {(00:05} 5. Nf3 {(00:29} d5 {(01:18} 6. Nc3 {
(00:31} Bg7 {(00:25} 7. Be2 {(03:05} O-O {(01:
23} 8. O-O {(00:32} Nc6 {(00:06} 9. Bf4 {(01:27} Be6 {
(04:04} 10. c5 {(27:01} Ne4 {(03:31} 11. Be3 {(
21:32} h6 {(17:38} 12. Qc1 {(05:13} Kh7 {(03:11} 13.
Rd1 {(01:48} f5 {(03:45} 14. Bb5 {(01:33} g5 {(
08:31} 15. Bxc6 {(06:51} bxc6 {(00:20} 16. Ne5 {(05:48]
} f4 {(02:55} 17. Bd2 {(05:20} Bxe5 {(03:17} 18. dxe5 {
(00:10} Nxc5 {(11:13} 19. Ne2 {(01:42} Qb6 {(00:
33} 20. Nd4 {(02:23} Bf5 {(02:11} 21. Be1 {(01:32} Nd3
{(23:42} 22. Qc3 {(01:37} Nxe5 {(01:58} 23. Ne6 {
(02:51} Bxe6 {(00:10} 24. Qxe5 {(00:11} Rf6 {(
02:24} 25. b4 {(02:11} Qb8 {(01:59} 26. Qd4 {(00:54}
Bg4 {(00:56} 27. f3 {(00:19} e5 {(00:32} 28. Qc5 {
(00:22} Bf5 {(00:35} 29. Bc3 {(00:45} Re6 {(00:
37} 30. Re1 {(00:19} e4 {(00:47} 31. Bd4 {(01:06} Qb5
{(02:48} 32. Qc3 {(01:26} Qd3 {(01:55} 33. Qxd3 {
(02:19} exd3 {(00:05} 34. Kf2 {(01:01} a5 {(00:
45} 35. Rxe6 {(02:01} Bxe6 {(00:04} 36. Re1 {(00:25}
Bf5 {(01:15} 37. Re7+ {(00:33} Kg8 {(00:57} 38. Rg7+ {
(00:13} Kf8 {(00:08} 39. Ra7 {(00:11} Rxa7 {(02:
10} 40. Bxa7 {(00:00} axb4 {(00:00} 41. Bc5+ {(00:04}
Kf7 {(01:08} 42. Bxb4 h5 {(04:17} 43. g3 {(01:05} fxg3+
{(00:40} 44. hxg3 {(00:42} h4 {(01:27} 45. a4 {(
01:02} d4 {(03:54} 46. gxh4 {(00:15} gxh4 {(00:08} 47.
Ke1 {(00:18} h3 {(01:06} 48. Bd6 {(00:12} c5 {(
00:25} 49. Kd2 {(00:26} c4 {(00:13} 50. a5 {(00:56}
c3+ {(00:05} 51. Kd1 {(00:16} Bc8 {(00:04} 52. Bg3 {
(01:22} Bb7 {(00:08} 0-1

[Event "42nd Olympiad Baku 2016 Open"]
[Site "Baku"]
[Date "2016.09.02"]
[Round "1.29"]
[White "Weerawardane, Romesh"]
[Black "Iordachescu, Viorel"]
[Result "0-1"]
[ECO "B01"]
[WhiteElo "2120"]
[BlackElo "2584"]
[PlyCount "74"]
[EventDate "2016.??.??"]
[EventCountry "AZE"]
[WhiteTeam "Sri Lanka"]
[BlackTeam "Moldowa"]
[WhiteTeamCountry "SRI"]
[BlackTeamCountry "MDA"]
[TimeControl "40/5400+30:1800+30"]
[WhiteClock "0:00:43"]
[BlackClock "0:35:54"]

1. e4 {(00:00} d5 {(00:00} 2. exd5 {(00:00} Qxd5 {
(00:00} 3. Nc3 {(00:11} Qd6 {(00:04} 4. d4 {(00:
12} Nf6 {(00:08} 5. Nf3 {(02:09} g6 {(00:14} 6. h3 {
(00:10} Bg7 {(00:23} 7. Bd3 {(01:19} O-O {(00:
55} 8. O-O {(00:11} a6 {(04:50} 9. Ne2 {(09:01} c5 {
(01:50} 10. dxc5 {(10:20} Qxc5 {(00:09} 11. Be3 {
(00:21} Qc7 {(01:02} 12. Bf4 {(06:10} Qb6 {(01:
45} 13. Qc1 {(00:50} Nc6 {(01:09} 14. c3 {(05:23} Re8
{(02:51} 15. Ng5 {(15:41} e5 {(06:13} 16. Be3 {(
01:42} Qc7 {(00:16} 17. Bc4 {(04:27} Nd8 {(00:23} 18.
Bb3 {(00:08} h6 {(00:32} 19. Nf3 {(00:16} Kh7 {(
00:14} 20. Rd1 {(03:41} Be6 {(02:09} 21. Qc2 {(01:46}
Nc6 {(02:58} 22. Bxe6 {(06:49} Rxe6 {(01:35} 23. Rd2 {
(00:15} Ne7 {(01:49} 24. Qb3 {(05:41} Nf5 {(03:
58} 25. c4 {(11:37} Rc8 {(05:07} 26. Rc1 {(03:41} Rc6
{(01:21} 27. Rdc2 {(00:38} Ne4 {(09:31} 28. Qd3 {
(02:28} Nxe3 {(03:17} 29. Qxe3 {(01:34} f5 {(00:
58} 30. b4 {(04:00} b6 {(02:09} 31. Qa3 {(00:45} a5 {
(04:18} 32. bxa5 {(01:10} bxa5 {(00:07} 33. Rd1 {
(01:57} Qa7 {(03:14} 34. Nc1 {(01:12} Rxc4 {(02:
39} 35. Rxc4 {(00:19} Rxc4 {(02:02} 36. Nd3 {(01:03}
Rc2 {(01:56} 37. Rf1 {(00:40} Rc3 {(00:30} 0-1

[Event "42nd Olympiad Baku 2016 Open"]
[Site "Baku"]
[Date "2016.09.02"]
[Round "1.12"]
[White "Wei, Yi"]
[Black "Sadiku, Bedri"]
[Result "1-0"]
[ECO "C03"]
[WhiteElo "2717"]
[BlackElo "2189"]
[PlyCount "37"]
[EventDate "2016.??.??"]
[EventCountry "AZE"]
[WhiteTeam "China"]
[BlackTeam "Kosovo"]
[WhiteTeamCountry "CHN"]
[BlackTeamCountry "KOS"]
[TimeControl "40/5400+30:1800+30"]
[WhiteClock "1:12:00"]
[BlackClock "0:02:03"]

1. e4 {(00:00} e6 {(00:00} 2. d4 {(00:00} d5 {(
00:17} 3. Nd2 {(00:04} a6 {(00:29} 4. Ngf3 {(00:17} c5
{(01:07} 5. exd5 {(00:26} exd5 {(02:08} 6. Be2 {
(01:04} Nc6 {(03:50} 7. O-O {(00:55} c4 {(01:41]
} 8. b3 {(00:36} b5 {(02:21} 9. Re1 {(00:52} Be7 {
(00:24} 10. a4 {(02:44} c3 {(06:02} 11. axb5 {(
02:28} cxd2 {(00:50} 12. Bxd2 {(00:08} Nb8 {(04:27}
13. bxa6 {(01:11} Bxa6 {(25:53} 14. Bb5+ {(15:17} Kf8 {
(00:19} 15. Ne5 {(00:10} Qd6 {(32:49} 16. Qh5 {(
01:01} g6 {(13:56} 17. Bh6+ {(00:07} Nxh6 {(00:14} 18.
Qxh6+ {(00:04} Kg8 {(00:10} 19. Be8 {(00:06} 1-0

[Event "42nd Olympiad Baku 2016 Open"]
[Site "Baku"]
[Date "2016.09.02"]
[Round "1.29"]
[White "Wojciechowski, Paul"]
[Black "Gomez, John Paul"]
[Result "0-1"]
[ECO "B35"]
[WhiteElo "1992"]
[BlackElo "2492"]
[PlyCount "99"]
[EventDate "2016.??.??"]
[EventCountry "AZE"]
[WhiteTeam "Kanalinseln"]
[BlackTeam "Philippinen"]
[WhiteTeamCountry "JCI"]
[BlackTeamCountry "PHI"]
[TimeControl "40/5400+30:1800+30"]
[WhiteClock "0:00:37"]
[BlackClock "0:40:47"]

1. e4 {(00:00} c5 {(00:00} 2. Nf3 {(00:00} g6 {(
00:00} 3. d4 {(00:00} cxd4 {(00:00} 4. Nxd4 {(00:00}
Nc6 {(00:05} 5. Nc3 {(00:32} Bg7 {(00:08} 6. Be3 {
(00:08} Nf6 {(00:08} 7. Bc4 {(01:02} O-O {(00:
12} 8. Bb3 {(00:05} d6 {(03:05} 9. f3 {(03:46} Nxd4 {
(01:52} 10. Bxd4 {(01:01} Be6 {(00:53} 11. Qd2 {
(25:03} Qa5 {(00:23} 12. O-O {(00:57} a6 {(01:
57} 13. Rad1 {(04:19} Rfc8 {(02:50} 14. Rfe1 {(14:59}
Nd7 {(04:22} 15. Nd5 {(15:00} Bxd4+ {(02:46} 16. Qxd4 {
(00:05} Qd8 {(02:15} 17. f4 {(13:24} Nc5 {(01:
31} 18. c4 {(03:45} b5 {(02:40} 19. f5 {(04:12} Bxd5 {
(00:57} 20. exd5 {(01:44} Nd7 {(02:47} 21. Re3 {
(02:35} bxc4 {(05:51} 22. Bxc4 {(00:32} Ne5 {(
01:24} 23. b3 {(02:34} Qf8 {(04:43} 24. fxg6 {(01:18}
hxg6 {(00:14} 25. Rf1 {(02:02} Qg7 {(00:52} 26. Qh4 {
(01:41} Rc7 {(01:06} 27. Rh3 {(01:48} a5 {(00:
46} 28. Qe4 {(00:34} a4 {(00:23} 29. Rg3 {(00:43} Rb8
{(01:29} 30. h4 {(00:06} Qh6 {(07:10} 31. Rg5 {(
01:04} Rbc8 {(05:49} 32. Qe1 {(00:16} f6 {(01:06} 33.
Rg3 {(00:19} Qxh4 {(01:13} 34. Qe3 {(00:35} axb3 {
(04:06} 35. axb3 {(00:01} Rxc4 {(03:01} 36. bxc4 {
(00:17} Rxc4 {(00:08} 37. Rb1 {(01:24} Qd4 {(03:
01} 38. Qxd4 {(00:32} Rxd4 {(00:07} 39. Rb5 {(00:21}
Kf7 {(00:30} 40. Kf1 {(00:00} f5 {(00:00} 41. Ke2 {
(11:00} Kf6 {(02:09} 42. Rc3 {(02:24} Re4+ {(03:
09} 43. Re3 {(03:53} Rc4 {(03:09} 44. g3 {(06:54} g5 {
(02:19} 45. Ra3 {(04:13} Rc2+ {(01:52} 46. Ke1 {
(03:12} g4 {(08:31} 47. Re3 {(02:35} Ra2 {(06:
03} 48. Rb8 {(00:28} Kf7 {(03:05} 49. Rb5 Nf3+ {(01:36]
} 50. Kf1 0-1

[Event "42nd Olympiad Baku 2016 Open"]
[Site "Baku"]
[Date "2016.09.02"]
[Round "1.9"]
[White "Wong, Brian"]
[Black "Amin, Bassem"]
[Result "0-1"]
[ECO "A00"]
[WhiteElo "2007"]
[BlackElo "2661"]
[PlyCount "80"]
[EventDate "2016.??.??"]
[EventCountry "AZE"]
[WhiteTeam "Hongkong"]
[BlackTeam "Ägypten"]
[WhiteTeamCountry "HKG"]
[BlackTeamCountry "EGY"]
[TimeControl "40/5400+30:1800+30"]
[WhiteClock "0:31:37"]
[BlackClock "0:59:31"]

1. a3 {(00:00} e5 {(00:58} 2. e3 {(02:52} d6 {(
00:36} 3. Nc3 {(01:27} Nf6 {(00:32} 4. d4 {(01:57} Qe7
{(01:26} 5. dxe5 {(02:29} dxe5 {(01:47} 6. Nf3 {
(01:09} e4 {(01:41} 7. Nd4 {(01:23} g6 {(00:43}
8. b4 {(05:37} c6 {(00:23} 9. Bb2 {(01:42} Bg7 {
(00:20} 10. Be2 {(04:08} h5 {(01:11} 11. h3 {(
01:51} O-O {(01:17} 12. g4 {(01:44} h4 {(00:12} 13.
Qd2 {(01:24} Nbd7 {(09:50} 14. O-O-O {(02:51} Nh7 {
(00:52} 15. f4 {(05:44} exf3 {(00:24} 16. Nxf3 {
(03:12} Re8 {(01:29} 17. e4 {(04:52} Ne5 {(00:
19} 18. Nxe5 {(07:15} Bxe5 {(00:18} 19. Rhf1 {(01:42}
Be6 {(00:42} 20. Kb1 {(07:47} b5 {(02:12} 21. Bd3 a5 {
(13:58} 22. Nd5 {(10:05} Bxd5 {(00:29} 23. exd5 {
(00:47} Bxb2 {(00:11} 24. Kxb2 {(03:37} axb4 {(
02:43} 25. Qxb4 {(01:48} c5 {(01:50} 26. Qc3 {(05:49}
Qd6 {(09:03} 27. Rfe1 {(08:34} Reb8 {(03:33} 28. Qe5 {
(02:16} Qa6 {(04:12} 29. Ra1 {(00:09} Nf8 {(03:
19} 30. Qe7 {(04:39} c4 {(02:18} 31. Bf1 {(01:20} Rb7
{(04:59} 32. Qb4 {(01:28} Qf6+ {(01:36} 33. Qc3 {
(00:12} Qd6 {(00:17} 34. Qe5 {(01:40} Qb6 {(00:
21} 35. Bg2 {(01:10} b4 {(01:17} 36. d6 {(00:50} Ra5 {
(02:36} 37. Qf6 {(01:44} bxa3+ {(00:10} 38. Kc1 {
(00:24} Qb2+ {(00:05} 39. Qxb2 {(00:40} axb2+ {(
00:08} 40. Kd2 {(00:00} Rxa1 {(00:00} 0-1

[Event "42nd Olympiad Baku 2016 Open"]
[Site "Baku"]
[Date "2016.09.02"]
[Round "1.28"]
[White "Woodley, Adrian"]
[Black "Mayed AlRashedi"]
[Result "0-1"]
[ECO "B27"]
[WhiteElo "1322"]
[BlackElo "2054"]
[PlyCount "36"]
[EventDate "2016.??.??"]
[EventCountry "AZE"]
[WhiteTeam "Bermuda"]
[BlackTeam "Vereinigte Arabische Emirate"]
[WhiteTeamCountry "BER"]
[BlackTeamCountry "UAE"]
[TimeControl "40/5400+30:1800+30"]
[WhiteClock "0:52:04"]
[BlackClock "1:07:54"]

1. e4 {(00:00} c5 {(00:00} 2. Nf3 {(00:00} g6 {(
00:00} 3. d4 {(00:46} cxd4 {(00:10} 4. Nxd4 {(00:09}
Bg7 {(00:13} 5. Nc3 {(02:30} Nc6 {(00:12} 6. Be3 {
(03:35} Nf6 7. f3 {(02:05} O-O {(03:35} 8. Qd2 {
(04:12} d5 {(00:41} 9. Nxc6 {(05:28} bxc6 {(00:
17} 10. O-O-O {(01:01} Qa5 {(06:50} 11. Kb1 {(07:33}
Rb8 {(00:37} 12. Ka1 {(04:22} dxe4 {(05:48} 13. Bd4 {
(03:57} Be6 {(06:24} 14. f4 {(04:09} Rfd8 {(02:
32} 15. Qe1 {(03:06} Qb4 {(03:07} 16. Ne2 {(03:24}
Rxd4 {(00:20} 17. Qxb4 {(00:14} Rxd1+ {(00:12} 18. Nc1
{(00:25} Rxc1# {(00:08} 0-1

[Event "42nd Olympiad Baku 2016 Open"]
[Site "Baku"]
[Date "2016.09.02"]
[Round "1.2"]
[White "Yahi Mohamed Salem"]
[Black "Palencia Morales, Wilson Guillermo"]
[Result "0-1"]
[ECO "A41"]
[WhiteElo "1852"]
[BlackElo "2378"]
[PlyCount "86"]
[EventDate "2016.??.??"]
[EventCountry "AZE"]
[WhiteTeam "MTN"]
[BlackTeam "Venezuela"]
[BlackTeamCountry "VEN"]
[TimeControl "40/5400+30:1800+30"]
[WhiteClock "1:17:03"]
[BlackClock "1:11:49"]

1. d4 {(00:00} d6 {(00:01} 2. c4 {(00:00} f5 {(
00:19} 3. Nc3 {(01:09} Nf6 {(00:23} 4. Bg5 {(02:48}
Nbd7 {(02:03} 5. Nf3 {(01:29} c6 {(04:21} 6. Qc2 {
(01:20} g6 {(06:14} 7. h3 {(08:36} Bg7 {(21:38}
8. e4 {(03:31} fxe4 {(01:26} 9. Nxe4 {(00:33} Nxe4 {
(00:17} 10. Qxe4 {(00:33} Nf6 {(00:22} 11. Qc2 {
(01:19} Bf5 {(03:04} 12. Bd3 {(00:14} Qa5+ {(00:
40} 13. Bd2 {(00:37} Bxd3 {(00:10} 14. Qxd3 {(00:34}
Qf5 {(00:32} 15. Qxf5 {(01:44} gxf5 {(00:12} 16. Nh4 {
(02:02} e6 {(00:21} 17. f3 {(00:57} Nh5 {(02:40]
} 18. g4 {(00:48} Bf6 {(00:22} 19. O-O-O {(06:51} Bxh4
{(07:36} 20. gxh5 {(00:15} Rg8 {(00:17} 21. Bf4 {
(01:25} Bg5 {(00:26} 22. Bxg5 {(00:29} Rxg5 {(
00:09} 23. Rhg1 {(00:22} Rxg1 {(00:53} 24. Rxg1 {(00:
10} Kf7 {(00:03} 25. h4 {(04:49} Rg8 {(00:20} 26. Rg5
{(00:19} h6 {(01:12} 27. Rxg8 {(00:07} Kxg8 {(
00:06} 28. f4 {(00:15} e5 {(02:16} 29. dxe5 {(08:16}
dxe5 {(00:15} 30. Kd2 {(00:42} exf4 {(04:05} 31. Ke2 {
(00:39} Kf7 {(00:07} 32. Kf3 Ke6 33. Kxf4 {(01:09} c5 {
(00:41} 34. a3 {(01:58} b6 {(01:56} 35. Kf3 {(
00:45} Ke5 {(00:13} 36. Ke3 {(00:12} f4+ {(00:20} 37.
Kf3 {(02:15} Kf5 {(00:13} 38. a4 {(01:17} a6 {(
00:32} 39. Ke2 {(00:28} Kg4 {(00:57} 40. Kf2 {(00:23}
f3 {(00:30} 41. Kg1 {(00:31} Kxh4 {(00:14} 42. Kf2 {
(02:07} Kg4 {(00:08} 43. Kg1 {(00:29} Kg3 {(01:
07} 0-1

[Event "42nd Olympiad Baku 2016 Open"]
[Site "Baku"]
[Date "2016.09.02"]
[Round "1.36"]
[White "Yamada, Kohei"]
[Black "Gledura, Benjamin"]
[Result "0-1"]
[ECO "D85"]
[WhiteElo "2100"]
[BlackElo "2585"]
[PlyCount "92"]
[EventDate "2016.??.??"]
[EventCountry "AZE"]
[WhiteTeam "Japan"]
[BlackTeam "Ungarn"]
[WhiteTeamCountry "JPN"]
[BlackTeamCountry "HUN"]
[TimeControl "40/5400+30:1800+30"]
[WhiteClock "0:06:04"]
[BlackClock "0:20:49"]

1. d4 {(00:00} Nf6 {(00:00} 2. c4 {(00:00} g6 {(
00:00} 3. Nc3 {(00:00} d5 {(00:05} 4. Nf3 {(00:28} Bg7
{(00:14} 5. cxd5 {(00:08} Nxd5 {(00:08} 6. e4 {(
00:08} Nxc3 {(00:09} 7. bxc3 {(00:08} c5 {(01:00} 8.
Rb1 {(00:27} O-O {(00:59} 9. Be2 {(00:14} Nd7 {(
03:47} 10. O-O {(07:15} Nf6 {(02:59} 11. Bd3 {(09:45}
Qc7 {(02:45} 12. h3 {(02:21} b6 {(06:15} 13. Qe2 {
(04:32} e6 {(03:43} 14. Rd1 {(11:41} Bb7 {(02:
44} 15. g3 {(10:36} Rfd8 {(15:36} 16. Bf4 {(02:38} Qe7
{(02:43} 17. Qe3 {(06:03} cxd4 {(11:17} 18. cxd4 {
(01:06} Rac8 {(07:04} 19. Rbc1 {(07:59} Qa3 {(
05:53} 20. Qe2 {(07:48} a6 {(06:17} 21. Rc7 {(06:51}
Rxc7 {(05:48} 22. Bxc7 {(00:12} Rc8 {(00:10} 23. Be5 {
(03:22} Rc1 {(03:35} 24. Rxc1 {(03:50} Qxc1+ {(
00:06} 25. Kg2 {(00:06} b5 {(00:18} 26. Nd2 {(01:50}
Qc3 {(01:16} 27. f3 {(01:54} Nd7 {(06:56} 28. Bxg7 {
(00:58} Kxg7 {(00:02} 29. Nb3 {(01:16} Kf8 {(00:
48} 30. Qc2 {(05:20} Qxc2+ {(00:28} 31. Bxc2 {(00:06}
e5 {(02:04} 32. Kf2 {(03:29} exd4 {(00:22} 33. Nxd4 {
(00:07} Ke7 {(00:59} 34. Ke3 {(00:15} Nc5 {(00:
54} 35. Nb3 {(02:53} Nxb3 {(02:58} 36. Bxb3 {(00:13}
Bc8 {(00:08} 37. h4 {(01:15} Be6 {(01:28} 38. Bxe6 {
(00:54} fxe6 {(00:48} 39. Kd4 {(00:47} Kd6 {(00:
08} 40. f4 {(00:00} h5 {(00:00} 41. Ke3 {(15:56} a5 {
(15:05} 42. Kd3 {(09:26} Kc5 {(03:10} 43. g4 {(
01:37} hxg4 {(00:24} 44. f5 {(00:11} exf5 {(00:19} 45.
exf5 {(00:09} Kd5 {(00:15} 46. fxg6 {(00:42} Ke6 {
(00:04} 0-1

[Event "42nd Olympiad Baku 2016 Open"]
[Site "Baku"]
[Date "2016.09.02"]
[Round "1.23"]
[White "Yang ching Wei, Austin"]
[Black "Bogner, Sebastian"]
[Result "0-1"]
[ECO "B48"]
[WhiteElo "1997"]
[BlackElo "2559"]
[PlyCount "59"]
[EventDate "2016.??.??"]
[EventCountry "AZE"]
[BlackTeam "Schweiz"]
[BlackTeamCountry "SUI"]
[TimeControl "40/5400+30:1800+30"]
[WhiteClock "0:00:45"]
[BlackClock "0:08:56"]

1. e4 {(00:00} c5 {(00:00} 2. Nf3 {(00:11} e6 {(
00:00} 3. d4 {(00:24} cxd4 {(00:00} 4. Nxd4 {(00:04}
Nc6 {(00:01} 5. Nc3 {(00:55} Qc7 {(00:05} 6. Be3 {
(01:26} a6 {(00:08} 7. Qd2 {(02:56} Nf6 {(00:06]
} 8. f3 {(01:31} Be7 {(00:05} 9. g4 {(05:22} O-O {
(04:40} 10. O-O-O {(03:27} b5 {(00:57} 11. Kb1 {
(08:35} Nxd4 {(06:16} 12. Qxd4 {(08:44} d6 {(06:
58} 13. Qb6 {(09:34} Qxb6 {(01:25} 14. Bxb6 {(00:03}
Bb7 {(00:42} 15. Ba5 {(06:24} Rfc8 {(13:54} 16. Be2 {
(04:35} Nd7 {(01:45} 17. a4 {(07:40} bxa4 {(08:
57} 18. Nxa4 {(01:44} Rab8 {(01:12} 19. b3 {(01:30} h6
{(07:09} 20. Nb2 {(03:48} d5 {(04:03} 21. exd5 {
(08:07} Bxd5 {(00:07} 22. Bxa6 {(05:45} Rc5 {(
01:32} 23. Be1 {(01:18} Ne5 {(02:52} 24. Be2 {(06:12}
Bf6 {(08:10} 25. Rf1 {(05:51} Nc6 {(05:27} 26. Bd3 {
(02:51} Nb4 {(06:20} 27. f4 {(03:47} g6 {(09:14]
} 28. f5 {(00:39} exf5 {(03:28} 29. gxf5 {(00:22} g5 {
(00:01} 30. Bd2 0-1